 Dungeon Crawl Stone Soup version 0.32-a0-859-gb0a091d592 (webtiles) character file.

Game seed: 9745264347873317355

163002 dolemite99 the Fetichist (level 17, 0/216 HPs)
             Began as a Coglin Berserker on Mar 23, 2024.
             Was an Elder of Trog.
             Slain by the 27-headed Lernaean hydra (5 damage)
             ... on level 4 of the Swamp on Mar 28, 2024.
             The game lasted 00:46:20 (48363 turns).

dolemite99 the Fetichist (Coglin Berserker)        Turns: 48363, Time: 00:46:20

Health: 0/216      AC: 27    Str: 23    XL:     17   Next: 82%
Magic:  17/17      EV:  8    Int:  9    God:    Trog [****..]
Gold:   766        SH:  0    Dex: 14    Spells: 16/16 levels left

rFire   + + .        h - +2 morningstar (flame) {Fatehjeet}
rCold   . . .        k - +0 eveningstar (drain) {Bo}
rNeg    . . .        d - +3 chain mail {rF+}
rPois   +            z - +1 helmet {SInv}
rElec   .            a - +1 cloak {Stlth+}
rCorr   +            t - +2 pair of gloves {hurl}
SInv    +            w - +0 pair of boots
Will    +++..        (amulet unavailable) Stlth
                     (ring unavailable)
HPRegen 1.56/turn    (ring unavailable)
MPRegen 0.15/turn    j - experimental scope {RevParry, rPois rF+ rCorr}

%: no passive effects
@: berserking, strong-willed, regenerating, revving, very quick
A: off-hand wielding, slow wielding, warmup strikes, no jewellery
a: Renounce Religion, Berserk, Trog's Hand, Brothers in Arms


You were on level 4 of the Swamp.
You worshipped Trog.
Trog was greatly pleased with you.
You visited 4 branches of the dungeon, and saw 26 of its levels.
You also visited: Volcano.

You collected 2839 gold pieces.
You spent 2073 gold pieces at shops.

Inventory:

Hand Weapons
 h - a +2 morningstar of flaming (weapon) {Fatehjeet}
 i - a +0 morningstar {Shu}
 k - a +0 eveningstar of draining (offhand) {Bo}
Missiles
 l - 5 boomerangs (quivered)
 n - 4 throwing nets
 v - 83 poisoned darts
 G - 7 javelins
Armour
 a - a +1 cloak of stealth (worn)
 d - a +3 chain mail of fire resistance (worn)
 t - a +2 pair of gloves of hurling (worn)
 w - a +0 pair of boots (worn)
 z - a +1 helmet of see invisible (worn)
Gizmo
 j - an experimental scope (installed) {RevParry, rPois rF+ rCorr}
   (You invented it yourself on level 3 of the Lair of Beasts)

   [experimental scope]

   RevParry:  Your AC increases as you Rev (up to +5) and while fully Revved,
   your attacks may disarm enemies.
   rF+:       It protects you from fire.
   rPois:     It protects you from poison.
   rCorr:     It protects you from acid and corrosion.
Wands
 g - a wand of digging (25)
 u - a wand of paralysis (23)
 A - a wand of polymorph (23)
 B - a wand of flame (4)
Scrolls
 f - 8 scrolls of teleportation
 o - a scroll of brand weapon
 p - 2 scrolls of fog
 q - 2 scrolls of blinking
 x - a scroll of fear
 y - 9 scrolls of identify {@r1}
 J - 2 scrolls of revelation
Potions
 b - 3 potions of cancellation
 c - 6 potions of might
 e - 2 potions of ambrosia
 r - 9 potions of attraction
 s - 2 potions of enlightenment
 C - 4 potions of berserk rage
 I - 11 potions of curing
 K - 5 potions of brilliance
 L - 6 potions of haste
 N - 9 potions of mutation


   Skills:
 + Level 16.2 Fighting
 - Level 6.0(12.4) Axes
 - Level 15.4(15.8) Maces & Flails
 - Level 10.6 Throwing
 - Level 11.9 Armour
 - Level 1.7 Dodging
 - Level 17.4 Evocations


You had 16 spell levels left.
You didn't know any spells.
Your spell library was empty.

Dungeon Overview and Level Annotations

Branches:
Dungeon (15/15)            Temple (0/1) D:6            Lair (5/5) D:11
  Swamp (4/4) Lair:3       Spider (0/4) Lair:2        Slime (0/5) Lair:5
    Orc (2/2) D:12            Elf (0/3) Orc:2        Vaults (0/5) D:13
 Depths (0/4) D:15        Volcano (visited)

Altars:
Cheibriados
Elyvilon
Fedhas
Gozag
Kikubaaqudgha
Makhleb
Nemelex Xobeh
Qazlal
Yredelemnul
Zin
The Shining One
Jiyva
Lugonu

Shops:
D:4 [   D:15 *   Orc:1 (   Orc:2 =(!!

Portals:
Abyss: Lair:5

Annotations:
D:3 2 transporters
D:10 4 transporters
Lair:2 exclusion: oklob plant
Swamp:4 Lernaean hydra


Innate Abilities, Weirdness & Mutations

You can wield a second weapon in your off-hand.
It takes a long time for you to wield or remove held weapons.
Your first few attacks do less damage.
You cannot equip rings or amulets.


Message History

The 27-headed Lernaean hydra bites you.
* * * LOW HITPOINT WARNING * * *
The 27-headed Lernaean hydra completely misses you. x2
The 27-headed Lernaean hydra bites you.
* * * LOW HITPOINT WARNING * * *
The 27-headed Lernaean hydra bites you!
* * * LOW HITPOINT WARNING * * *
The 27-headed Lernaean hydra bites you but does no damage.
The 27-headed Lernaean hydra bites you.
* * * LOW HITPOINT WARNING * * *
The 27-headed Lernaean hydra bites you but does no damage. x6
You puncture the 27-headed Lernaean hydra with your +2 morningstar of flaming!
You burn the 27-headed Lernaean hydra.
The 27-headed Lernaean hydra is moderately wounded.
You bludgeon the 27-headed Lernaean hydra with your +0 eveningstar of draining!!
You drain the 27-headed Lernaean hydra.
You hit the 27-headed Lernaean hydra with your +2 morningstar of flaming.
You burn the 27-headed Lernaean hydra.
The 27-headed Lernaean hydra is heavily wounded.
You barely miss the 27-headed Lernaean hydra with your +0 eveningstar of draining.
The seven-headed hydra bites you.
* * * LOW HITPOINT WARNING * * *
The seven-headed hydra bites you!
* * * LOW HITPOINT WARNING * * *
The seven-headed hydra bites you!
* * * LOW HITPOINT WARNING * * *
The seven-headed hydra bites you!
* * * LOW HITPOINT WARNING * * *
The seven-headed hydra bites you.
* * * LOW HITPOINT WARNING * * *
The seven-headed hydra bites you but does no damage. x2
The 27-headed Lernaean hydra bites you but does no damage. x2
The 27-headed Lernaean hydra bites you.
* * * LOW HITPOINT WARNING * * *
The 27-headed Lernaean hydra bites you but does no damage. x8
The 27-headed Lernaean hydra barely misses you.
The 27-headed Lernaean hydra completely misses you.
The 27-headed Lernaean hydra bites you but does no damage.
The 27-headed Lernaean hydra bites you.
You die...

.°.°♣♣ ≈~~#.♣♣♣ ♣.~~~~~~~~..
♣≈~.≈♣♣.♣....♣~♣♣♣ ♣.~~~~~~~~.~
♣♣.°~......~.~~~~♣ ♣.~~~~~§~~.~
≈..§.~..#..~~~~~~♣ ♣♣~~.§~~~~~.~
....~.......~~~~~♣♣♣♣.♣♣~~~~~~.♣~
.~♣♣......~~§~~~~.♣~~~~♣♣.....~..
~.♣♣.~~~..~~§~~~~~..~~~÷~..~.~~.~
.♣♣~.[~~..§~~§.~~...~~~.~~~.~♣♣♣.
♣♣..~..~~÷~~~~.D@.(..§~♣~~~~♣♣ ♣~
~.~~~~~~~~.....~D..÷÷.~~...♣♣♣♣♣♣
~.~~~~~~~~.~♣♣♣♣♣..~.♣♣♣♣§♣♣♣~.♣♣
♣♣~~~~~~~~.§♣ ♣~.♣♣♣ ♣♣♣♣...♣♣
.♣~.~~§.♣~..~♣ ♣♣.~♣ ♣...♣♣
.~~~~~.~♣♣.~~.. ~..~~ ♣♣~~~.
.~♣.~~♣♣♣♣~...~~..~~~♣. ♣~~~~
~~♣..~ ♣~....[)..§~♣ . ♣..~~
..~.~~ ♣♣♣♣..♣♣♣~♣♣♣ ♣♣~♣.


You could see the 27-headed Lernaean hydra (drained) and a seven-headed hydra.

Vanquished Creatures
  Mara (Swamp:3)
  Rupert (Orc:2)
  Frances (Swamp:2)
  Aizul (Swamp:1)
  2 fenstrider witches
  A frost giant (D:15)
  Louise (Swamp:1)
  5 eleionomae
  6 bunyips
  The ghost of Mummolef the Mimic, a journeyman TrSh of the Shining One (Orc:1)
  Erolcha (Orc:1)
  A shambling mangrove (Swamp:3)
  A ghost crab (Swamp:4)
  3 vault guards (D:13)
  A catoblepas (Lair:3)
  18 hydras
  2 boulder beetles
  An ogre mage (Orc:2)
  3 centaur warriors
  16 alligators
  4 two-headed ogres
  15 death yaks
  4 thrashing horrors (Lair:5)
  2 tengu warriors (D:15)
  4 orc high priests (Orc:2)
  A fire crab (shapeshifter) (D:13)
  A hell knight (Volcano)
  6 skeletal warriors
  2 spriggan druids
  5 goliath frogs
  4 arcanists (D:13)
  12 slime creatures
  5 bog bodies
  8 swamp dragons
  A skyshark (Lair:4)
  A necromancer (D:13)
  Pikel (D:6)
  4 orc knights (Orc:2)
  3 obsidian bats
  3 manticores
  7 orc sorcerers
  15 ugly things
  4 will-o-the-wisps
  2 cyclopes
  18 elephants
  3 kobold blastminers
  4 black mambas
  A torpor snail (Lair:3)
  2 molten gargoyles (Volcano)
  11 cane toads
  2 smoke demons (Lair:5)
  2 gargoyles
  A rime drake (Lair:5)
  An unseen horror (D:10)
  A yaktaur (Volcano)
  A yaktaur (shapeshifter) (D:14)
  7 komodo dragons
  2 kobold demonologists
  3 bloated husks
  3 polar bears
  8 trolls
  12 hornets
  13 tyrant leeches
  Grinder (D:4)
  A raiju (Lair:5)
  3 glass eyes (D:9)
  9 dream sheep (Lair:3)
  13 blink frogs
  11 spriggans
  2 centaur simulacra
  A vampire (D:12)
  3 wraiths
  70 yaks
  3 shadows
  3 ynoxinuls (Lair:5)
  5 wyverns
  16 humans (D:13)
  6 fire bats
  6 basilisks
  2 wargs (Orc:1)
  3 steam dragons
  4 chaos spawn (Lair:5)
  8 vampire mosquitoes
  3 two-headed ogre zombies (D:12)
  Edmund (D:6)
  11 swamp worms
  4 acid dragons
  16 water moccasins
  8 swamp drakes
  20 orc warriors
  2 ice beasts
  3 black bears
  7 wolves
  3 boggarts (D:14)
  7 ogres
  10 centaurs
  A lemure (D:6)
  3 kobold brigands
  3 phantoms
  10 bullfrogs
  5 gnoll sergeants
  12 scorpions
  8 small abominations (Lair:5)
  6 wights
  A troll zombie (D:12)
  14 killer bees
  4 electric eels
  6 howler monkeys
  9 lava snakes
  6 hounds
  22 orc priests
  4 bombardier beetles
  2 gnoll boudas
  An iguana (D:5)
  2 jellies
  3 sleepcaps
  21 orc wizards
  4 ogre zombies (D:12)
  Robin (D:4)
  31 gnolls
  6 adders
  2 white imps
  9 ufetubi
  A ribbon worm (Lair:2)
  A dart slug (D:4)
  66 orcs
  7 endoplasms
  4 giant cockroaches
  12 goblins
  7 hobgoblins
  4 jackals (D:1)
  2 quokkas (D:2)
  9 ball pythons
  5 bats
  2 frilled lizards
  2 gnoll skeletons (D:12)
  6 gnoll zombies (D:12)
  23 kobolds
  2 orc skeletons (D:12)
  15 orc zombies (D:12)
  3 rats
908 creatures vanquished.

Vanquished Creatures (collateral kills)
  A cane toad (Lair:1)
  A yak (Lair:5)
2 creatures vanquished.

Vanquished Creatures (others)
  2 bloated husks (Swamp:1)
  A hornet (Swamp:1)
  An orc priest (Orc:2)
  2 orc wizards
  An orc (Orc:2)
  16 foxfires
23 creatures vanquished.

Grand Total: 933 creatures vanquished

Notes
Turn   | Place    | Note
-------+----------+-------------------------------------------
     0 | D:1      | dolemite99 the Coglin Berserker began the quest for the
                  | Orb.
     0 | D:1      | Reached XP level 1. HP: 18/18 MP: 1/1
   133 | D:1      | Reached XP level 2. HP: 24/24 MP: 2/2
   496 | D:1      | Reached XP level 3. HP: 29/29 MP: 3/3
  1452 | D:2      | Found a faded altar of an unknown god.
  1997 | D:2      | Reached ** piety under Trog
  1998 | D:2      | Reached XP level 4. HP: 35/35 MP: 4/4
  2332 | D:3      | Reached skill level 5 in Axes
  2394 | D:3      | Found a transporter.
  2497 | D:3      | Reached XP level 5. HP: 27/41 MP: 5/5
  2863 | D:3      | Found a white marble altar of Elyvilon.
  2885 | D:3      | Found a transporter.
  2972 | D:3      | Reached skill level 1 in Maces & Flails
  3389 | D:4      | Reached XP level 6. HP: 34/47 MP: 6/6
  3502 | D:4      | Noticed a black bear
  3509 | D:4      | Killed a black bear
  3554 | D:4      | Reached XP level 7. HP: 50/52 MP: 7/7
  3613 | D:4      | Noticed Grinder
  3621 | D:4      | Killed Grinder
  3622 | D:4      | Reached skill level 5 in Maces & Flails
  3755 | D:4      | Found a blossoming altar of Fedhas.
  3769 | D:4      | Found Toxty's Armour Boutique.
  4037 | D:4      | Found a basalt altar of Yredelemnul.
  4039 | D:4      | Noticed a profane servitor
  4138 | D:4      | Noticed Robin
  4150 | D:4      | Killed Robin
  4282 | D:4      | Found a glowing golden altar of the Shining One.
  4407 | D:4      | Noticed an angel
  4427 | D:5      | Entered Level 5 of the Dungeon
  4957 | D:5      | Reached XP level 8. HP: 58/58 MP: 8/8
  5146 | D:5      | Found a glowing golden altar of the Shining One.
  5341 | D:5      | Found a sparkling altar of Nemelex Xobeh.
  6200 | D:5      | Reached XP level 9. HP: 63/63 MP: 9/9
  6398 | D:6      | Noticed Pikel
  6435 | D:6      | Killed Pikel
  6436 | D:6      | Reached skill level 10 in Maces & Flails
  6598 | D:6      | Found a staircase to the Ecumenical Temple.
  6929 | D:6      | Noticed Edmund
  6938 | D:6      | Killed Edmund
  7518 | D:7      | Found an ancient bone altar of Kikubaaqudgha.
  7696 | D:7      | Found a burning altar of Makhleb.
  7793 | D:7      | Identified the +6 hand axe of Sin {venom, ^Drain rF+ Str+5
                  | Dex-2}
  7965 | D:8      | Reached *** piety under Trog
  7966 | D:8      | Reached XP level 10. HP: 47/70 MP: 10/10
  7970 | D:8      | Noticed a two-headed ogre
  7994 | D:8      | Killed a two-headed ogre
  8937 | D:9      | Noticed a red ugly thing
  8946 | D:9      | Killed a red ugly thing
  9895 | D:9      | Noticed a two-headed ogre
  9901 | D:9      | Killed a two-headed ogre
  9902 | D:9      | Reached XP level 11. HP: 73/75 MP: 11/11
 10385 | D:9      | Reached skill level 15 in Maces & Flails
 10556 | D:9      | Found a stormy altar of Qazlal.
 11047 | D:10     | Entered Level 10 of the Dungeon
 11148 | D:10     | Found a transporter.
 11207 | D:10     | Found a transporter.
 11237 | D:10     | Found a transporter.
 11275 | D:10     | Found a glowing silver altar of Zin.
 11277 | D:10     | Found a transporter.
 12110 | D:10     | Found an opulent altar of Gozag.
 12871 | D:11     | Noticed a boulder beetle
 12883 | D:11     | Killed a boulder beetle
 12884 | D:11     | Reached skill level 5 in Armour
 13078 | D:11     | Noticed a two-headed ogre
 13095 | D:11     | Killed a two-headed ogre
 13100 | D:11     | Reached XP level 12. HP: 62/81 MP: 12/12
 13283 | D:11     | Noticed a two-headed ogre
 13289 | D:11     | Killed a two-headed ogre
 13423 | D:11     | You fall into a shaft and drop 3 floors!
 13865 | D:13     | Noticed a six-headed hydra
 13870 | D:13     | Killed a six-headed hydra
 13930 | D:13     | Noticed a six-headed hydra
 13943 | D:13     | Killed a six-headed hydra
 14722 | D:12     | Noticed a boulder beetle
 14737 | D:12     | Killed a boulder beetle
 15199 | D:12     | Reached skill level 10 in Armour
 15331 | D:12     | Found a staircase to the Orcish Mines.
 16531 | D:12     | Reached XP level 13. HP: 62/86 MP: 13/13
 17363 | D:11     | Found a staircase to the Lair.
 17523 | D:11     | Reached skill level 5 in Fighting
 17549 | D:11     | Reached **** piety under Trog
 18084 | Lair:1   | Entered Level 1 of the Lair of Beasts
 19659 | Lair:1   | Reached skill level 1 in Evocations
 20143 | Lair:1   | Reached skill level 2 in Evocations
 20516 | Lair:2   | Reached skill level 3 in Evocations
 20604 | Lair:2   | Found a hole to the Spider Nest.
 20618 | Lair:2   | Reached skill level 4 in Evocations
 20645 | Lair:2   | Reached skill level 5 in Evocations
 22035 | Lair:3   | Reached skill level 6 in Evocations
 22421 | Lair:3   | Found a staircase to the Swamp.
 23088 | Lair:3   | Reached skill level 7 in Evocations
 23234 | Lair:3   | Reached XP level 14. HP: 108/108 MP: 14/14
 23234 | Lair:3   | Acquired an experimental scope {RevParry, rPois rF+ rCorr}
 23280 | Lair:3   | Reached skill level 8 in Evocations
 23419 | Lair:3   | Found a snail-covered altar of Cheibriados.
 23474 | Lair:3   | Reached skill level 9 in Evocations
 24170 | Lair:4   | Reached skill level 10 in Evocations
 24428 | Lair:4   | Reached skill level 11 in Evocations
 24753 | Lair:4   | Found a dark tunnel.
 24760 | Volcano  | Entered a volcano
 24987 | Volcano  | Found a burning altar of Makhleb.
 24997 | Volcano  | Reached skill level 12 in Evocations
 25541 | Lair:5   | Entered Level 5 of the Lair of Beasts
 25564 | Lair:5   | Reached skill level 13 in Evocations
 25690 | Lair:5   | Found a staircase to the Slime Pits.
 25690 | Lair:5   | Found a viscous altar of Jiyva.
 25706 | Lair:5   | Reached skill level 14 in Evocations
 26050 | Lair:5   | Reached skill level 15 in Evocations
 26894 | Lair:5   | Reached skill level 16 in Evocations
 26900 | Lair:5   | Reached XP level 15. HP: 100/113 MP: 15/15
 27097 | Lair:5   | Reached skill level 17 in Evocations
 27555 | Lair:5   | Reached ***** piety under Trog
 27589 | Lair:5   | Reached skill level 10 in Fighting
 27694 | Lair:5   | Found a corrupted altar of Lugonu.
 27694 | Lair:5   | Found a one-way gate to the infinite horrors of the Abyss.
 28253 | Lair:5   | Received a gift from Trog
 29044 | D:11     | Upgraded the game from 0.32-a0-818-gb728d0252e to
                  | 0.32-a0-859-gb0a091d592
 29104 | Orc:1    | Entered Level 1 of the Orcish Mines
 29104 | Orc:1    | Noticed Erolcha
 29109 | Orc:1    | Killed Erolcha
 29474 | Orc:1    | Noticed Mummolef's ghost (journeyman TrSh)
 29483 | Orc:1    | Found a runed translucent gate.
 29483 | Orc:1    | Found a runed translucent gate.
 29484 | Orc:1    | Found a runed translucent gate.
 29540 | Orc:1    | Reached skill level 1 in Throwing
 30306 | Orc:1    | Found Nexkox's Antique Weapon Boutique.
 30580 | Orc:1    | Killed Mummolef's ghost
 30697 | Orc:2    | Entered Level 2 of the Orcish Mines
 31191 | Orc:2    | Found a burning altar of Makhleb.
 31290 | Orc:2    | Noticed Rupert
 31303 | Orc:2    | Killed Rupert
 31822 | Orc:2    | Found a staircase to the Elven Halls.
 32208 | Orc:2    | Reached skill level 5 in Throwing
 33071 | Orc:2    | Found Judel's Jewellery Shoppe.
 33071 | Orc:2    | Found Hic Folufe's Distillery.
 33852 | Orc:2    | Found Okacw's Weapon Shoppe.
 33852 | Orc:2    | Found Fubooh's Distillery.
 34025 | Orc:2    | Bought a potion of haste for 130 gold pieces
 34025 | Orc:2    | Bought a potion of might for 52 gold pieces
 34025 | Orc:2    | Bought a potion of curing for 39 gold pieces
 34025 | Orc:2    | Bought a potion of curing for 39 gold pieces
 34025 | Orc:2    | Bought 2 potions of cancellation for 208 gold pieces
 34027 | Orc:2    | Bought a potion of curing for 48 gold pieces
 34027 | Orc:2    | Bought a potion of curing for 48 gold pieces
 34027 | Orc:2    | Bought a potion of curing for 48 gold pieces
 34027 | Orc:2    | Bought a potion of might for 64 gold pieces
 34027 | Orc:2    | Bought a potion of enlightenment for 80 gold pieces
 34027 | Orc:2    | Bought 2 potions of curing for 96 gold pieces
 34027 | Orc:2    | Bought 2 potions of haste for 320 gold pieces
 34027 | Orc:2    | Bought a potion of mutation for 128 gold pieces
 34030 | Orc:2    | Bought a potion of lignification for 39 gold pieces
 34030 | Orc:2    | Bought a potion of mutation for 104 gold pieces
 34336 | D:13     | Reached XP level 16. HP: 112/125 MP: 16/16
 35039 | D:13     | Found a gate to the Vaults.
 36851 | D:14     | Reached skill level 10 in Throwing
 37395 | D:15     | Entered Level 15 of the Dungeon
 38237 | D:15     | Found Ocziol's Overcharged Wands.
 38279 | D:15     | Bought a wand of mindburst (30) for 630 gold pieces
 38685 | D:15     | Found a staircase to the Depths.
 39646 | Swamp:1  | Entered Level 1 of the Swamp
 39805 | Swamp:1  | Identified the serpent talisman "Yfac Zen" {Fly rElec}
 39805 | Swamp:1  | Noticed Aizul
 39836 | Swamp:1  | Killed Aizul
 40340 | Swamp:1  | Noticed Louise
 40346 | Swamp:1  | Killed Louise
 42595 | Swamp:2  | Noticed Frances
 42609 | Swamp:2  | Killed Frances
 42811 | Swamp:2  | Reached XP level 17. HP: 34/135 MP: 17/17
 44112 | Swamp:2  | Identified the +2 dagger of Defence by Offence {heavy,
                  | ^Fragile Dex+5}
 44289 | Swamp:2  | Paralysed by a fenstrider witch for 5 turns
 45593 | Swamp:3  | Noticed Mara
 45601 | Swamp:3  | Killed Mara
 46824 | Swamp:4  | Entered Level 4 of the Swamp
 46862 | Swamp:4  | Reached skill level 15 in Fighting
 47982 | Swamp:4  | Noticed the 27-headed Lernaean hydra
 48363 | Swamp:4  | HP: 9/216 [seven-headed hydra (2)]
 48363 | Swamp:4  | Slain by the 27-headed Lernaean hydra

Illustrated notes

Levels and vault maps discovered:
D:1:      onia_arrival_pentagram, layout_basic
D:2:      layout_loops_ring, ebering_ecumenical_altar_rust
D:3:      gammafunk_wand_slinger, layout_rooms, lemuel_crystal_altar
D:4:      minmay_bubble_buster, layout_rooms, fedhas_altar_2,
          grunt_temple_overflow_holy_war, serial_shops, nicolae_shop_peninsula,
          serial_curves, eino_curves_04, eino_curves_02, uniq_robin,
          uniq_grinder
D:5:      layout_basic, mainiacjoe_overflow_alcove_2, nicolae_zen_rock_garden,
          serial_park_tiny_1, minmay_ruined_shrine
D:6:      layout_loops_ring, minmay_temple_entry_poolview, lemuel_flame_loot_1,
          uniq_pikel, uniq_edmund
D:7:      layout_basic, lightli_temple_of_fire, mainiacjoe_overflow_24_doors
D:8:      layout_rooms, serial_bayou_lagoon_a
D:9:      layout_basic, lemuel_tele_altar, onia_ninara_cookie
D:10:     layout_basic, zin_academy, kennysheep_little_box,
          nicolae_transporter_circle
D:11:     layout_roguey, erik_lair_orcish_takeover
D:12:     layout_long_grid, zombieorc2_lemuel, serial_ice, serial_ice_c,
          serial_ice_j, serial_ice_a, serial_ice_e, drop_trap
D:13:     layout_roguey, grunt_vaults_entry_tiered
D:14:     layout_small_grid
D:15:     grunt_enter_depths_snipers, layout_rooms, nicolae_twisting_strands,
          nicolae_shop_overcharged_wands
Lair:1:   layout_cellular_growth, gauntlet_entry_generic
Lair:2:   layout_cave_shapes, nicolae_spider_entry_non_spiders
Lair:3:   layout_loops_ring, swamp_mist_pool, basic_altar, serial_bayou_shore_b,
          grunt_megastairs_1
Lair:4:   layout_misc_corridors, nicolae_volcano_entry_s_turn,
          grunt_forest_large_clearings, grunt_megastairs_3
Lair:5:   hellmonk_lair_end_abyssal_woods, layout_gridlike, slime_entry_1,
          nicolae_lair_liquid_snakes
Swamp:1:  layout_falls_marsh, hangedman_swamp_diagram,
          nicolae_swamp_round_clearing, swamp_pool_3, uniq_aizul, uniq_louise
Swamp:2:  layout_basic_swamp, nicolae_swamp_well_well_well, uniq_frances
Swamp:3:  nicolae_swamp_wrong_neighborhood, layout_basic_swamp,
          serial_swamp_ruin, hangedman_swamp_ruin_wall,
          evilmike_swamp_ruin_house_2, evilmike_swamp_ruin_rubble_2, uniq_mara
Swamp:4:  swamp_old_school, layout_basic_swamp
Orc:1:    layout_caves, gammafunk_ghost_split, serial_shops, shop, uniq_erolcha
Orc:2:    grunt_orc_tribal_feast, layout_caves, basic_altar, uniq_rupert

Skill      XL: |  1  2  3  4  5  6  7  8  9 10 11 12 13 14 15 16 17 |
---------------+----------------------------------------------------+-----
Axes           | 4 5 6 |  6.0
Maces & Flails | 2 4 6 9 11 14 15 | 15.4
Armour         | 5 11 | 11.9
Fighting       | 9 11 12 16 | 16.2
Evocations     | 7 16 17 | 17.4
Throwing       | 7 10 | 10.6
Dodging        | |  1.7

Action                     |  1- 3 |  4- 6 |  7- 9 | 10-12 | 13-15 | 16-18 || total
---------------------------+-------+-------+-------+-------+-------+-------++-------
  Melee: Dagger            |    15 |       |       |       |       |       ||    15
         Hand axe          |    48 |    14 |       |       |       |       ||    62
         Spear             |    16 |       |       |       |       |       ||    16
         Whip              |    21 |    12 |    60 |    73 |       |       ||   166
         Flail             |       |    80 |   423 |   996 |  1249 |       ||  2748
         Morningstar       |       |     9 |       |       |   137 |   515 ||   661
         Eveningstar       |       |       |       |       |   256 |   529 ||   785
  Throw: Dart              |       |       |       |       |    65 |    20 ||    85
         Boomerang         |       |       |       |       |       |   136 ||   136
 Invoke: Berserk           |       |     3 |     3 |    12 |    16 |    14 ||    48
         Trog's Hand       |       |     3 |     9 |    33 |    34 |    20 ||    99
         Brothers in Arms  |       |       |       |       |     2 |       ||     2
Ability: Invent Gizmo      |       |       |       |       |     1 |       ||     1
  Evoke: Wand              |       |       |       |     6 |    46 |    55 ||   107
    Use: Scroll            |       |     7 |     4 |    14 |    17 |     4 ||    46
         Potion            |       |       |       |     4 |     1 |     7 ||    12
   Stab: Invisible         |       |       |       |     6 |       |     2 ||     8
         Paralysed         |       |       |       |       |    11 |       ||    11
 Armour: Animal skin       |     9 |       |       |       |       |       ||     9
         Ring mail         |     2 |       |       |       |       |       ||     2
         Scale mail        |    18 |   145 |    11 |       |       |       ||   174
         Chain mail        |       |       |   189 |       |   353 |   923 ||  1465
         Plate armour      |       |       |   109 |   673 |   856 |       ||  1638
  Dodge: Dodged            |    52 |    53 |   105 |   189 |   405 |   270 ||  1074

Table legend: (Time is in decaauts)
 A = Elapsed time spent in this place.
 B = Non-inter-level travel time spent in this place.
 C = Inter-level travel time spent in this place.
 D = Time resting spent in this place.
 E = Time spent auto-exploring this place.
 F = Levels seen in this place.
 G = Mean time per level.
                   A        B        C        D        E       F      G
               +--------+--------+--------+--------+--------+-----+--------+
         Total |  48537 |  46551 |   1986 |  25843 |  13625 |  27 | 1797.7 |
       Dungeon |  24841 |  23549 |   1292 |  12200 |   7508 |  15 | 1656.1 |
          Lair |  10786 |  10400 |    386 |   5829 |   3021 |   5 | 2157.2 |
         Swamp |   7560 |   7466 |     94 |   4647 |   1914 |   4 | 1890.0 |
  Orcish Mines |   4640 |   4427 |    213 |   2719 |   1126 |   2 | 2320.0 |
       Volcano |    708 |    708 |      0 |    446 |     55 |   1 |  708.0 |
               +--------+--------+--------+--------+--------+-----+--------+

Top non-repeatable levels by time:
  Lair:5: 3399 daAuts
  Lair:3: 3352 daAuts
   Orc:2: 2935 daAuts
    D:12: 2897 daAuts
    D:11: 2694 daAuts
 Swamp:3: 2622 daAuts
    D:14: 2414 daAuts
    D:13: 2162 daAuts
 Swamp:1: 2124 daAuts
 Swamp:2: 1951 daAuts
    D:15: 1797 daAuts
     D:8: 1742 daAuts
    D:10: 1719 daAuts
   Orc:1: 1704 daAuts
  Lair:2: 1697 daAuts
